 Dungeon Crawl Stone Soup version 0.30-a0-779-g7971cf19c3 (webtiles) character file.

Game seed: 4442118385022498594

125 jimonade the Cudgeller (level 5, -4/53 HPs)
             Began as an Ogre Gladiator on Feb 17, 2023.
             Slain by Natasha (7 damage)
             ... on level 3 of the Dungeon.
             The game lasted 00:04:09 (3012 turns).

jimonade the Cudgeller (Ogre Gladiator)             Turns: 3012, Time: 00:04:11

Health: -4/53      AC:  3    Str: 18    XL:     5   Next: 9%
Magic:  5/5        EV: 10    Int: 11    God:
Gold:   151        SH:  0    Dex: 10    Spells: 4/4 levels left

rFire   . . .      SeeInvis .    a - +0 flail
rCold   . . .      Faith    .    (no shield)
rNeg    . . .      Spirit   .    b - +0 robe
rPois   .          Reflect  .    c - +0 hat
rElec   .          Harm     .    (no cloak)
rCorr   .          Rampage  .    (gloves unavailable)
Will    .....                    (boots unavailable)
Stlth   +                        (no amulet)
HPRegen 0.28/turn                (no ring)
MPRegen 0.09/turn                (no ring)

@: slowed, very slow
A: large, unfitting armour, tough skin 1
a: no special abilities


You were on level 3 of the Dungeon.
You visited 1 branch of the dungeon, and saw 3 of its levels.

You collected 151 gold pieces.

Inventory:

Hand Weapons
 a - a +0 flail (weapon)
 m - a +0 mace
 n - a +0 sling
Missiles
 d - 3 throwing nets (quivered)
 e - a large rock
 h - 41 stones
Armour
 b - a +0 robe (worn)
 c - a +0 hat (worn)
Jewellery
 u - a ring of magical power
Scrolls
 f - a scroll of fear {unknown}
 i - a scroll of magic mapping {unknown}
 k - a scroll of identify {unknown}
 l - a scroll of noise {unknown}
 o - 2 scrolls of teleportation {unknown}
 s - a scroll of amnesia {unknown}
 t - a scroll of enchant weapon {unknown}
Potions
 g - 3 potions of curing {unknown}
 j - a potion of lignification {unknown}
 p - a potion of degeneration {unknown}
 q - a potion of mutation {unknown}
 r - a potion of flight {unknown}


   Skills:
 + Level 3.4 Fighting
 * Level 4.3 Maces & Flails
 + Level 2.0 Throwing
 + Level 3.2 Dodging
 + Level 0.5 Stealth


You had 4 spell levels left.
You didn't know any spells.
Your spell library contained the following spells:

 Spells                   Type           Power      Damage    Failure   Level
 Lesser Beckoning         Tloc           0%         N/A       47%         2
 Gell's Gravitas          Tloc           0%         N/A       71%         3
 Teleport Other           Tloc           0%         N/A       71%         3


Dungeon Overview and Level Annotations

Branches:
Dungeon (3/15)

Altars:

Annotations:
D:3 Natasha


Innate Abilities, Weirdness & Mutations

You are too large for most types of armour.
You have tough skin. (AC +1)


Message History

Natasha closely misses you. x3
You closely miss Natasha.
Natasha is moderately wounded.
Natasha mumbles some strange words.
Natasha casts a spell at you. The magic dart hits you!
* * * LOW HITPOINT WARNING * * *
Natasha claws you.
* * * LOW HITPOINT WARNING * * *
You barely miss Natasha.
Natasha is moderately wounded.
Natasha barely misses you. Natasha claws you but does no damage.
You closely miss Natasha.
Natasha is moderately wounded.
Natasha casts a spell.
The crimson imp hits you but does no damage.
Natasha claws you!
* * * LOW HITPOINT WARNING * * *
The crimson imp hits you.
* * * LOW HITPOINT WARNING * * *
Natasha completely misses you.
You hit Natasha. You punch Natasha, but do no damage.
Natasha is heavily wounded.
Natasha mumbles some strange words.
The crimson imp closely misses you. Natasha claws you but does no damage.
The crimson imp hits you but does no damage.
Natasha claws you.
* * * LOW HITPOINT WARNING * * *
You hit Natasha.
Natasha is severely wounded.
Natasha stares at you and mumbles some strange words.
You resist with some effort.
The white imp picks up a beetle and eats it.
The crimson imp closely misses you. Natasha closely misses you.
The white imp hits you but does no damage.
The crimson imp hits you.
* * * LOW HITPOINT WARNING * * *
You miss Natasha.
Natasha is severely wounded.
Natasha claws you!
You die... #........#######.#P.P.PPP.PPP)P.. #........## #....P...P...... . .....#.....# ###P.P.PPPPP.PPP.. ###...##.#...# #P.P...P.....P.. ........###..
P.PPP.P.PPPPP# ......#### #.####P.P.........P# ####### ###....#PPP.PPP.PPP.P# #....55.P.....P...P.P# #...5h@.PPPPPPPPPPP.P#

#......#.##
##.#.#.##
#....).#..##
#.....#
#......#...#
##..###
########.#.##
##.# #.#..## #.#
#.##..## #.##
#.###..###..####
#.# ##.......>..


You could see Natasha (fast), a crimson imp (summoned) and 2 white imps.

Vanquished Creatures
  Natasha (twice) (D:3)
  3 adders
  2 dart slugs (D:2)
  5 bats
  4 endoplasms
  2 giant cockroaches (D:1)
  2 hobgoblins
  2 quokkas
  2 ball pythons
  2 frilled lizards
  4 goblins
  7 kobolds
  13 rats
50 creatures vanquished.

Notes
Turn   | Place    | Note
-------+----------+-------------------------------------------
     0 | D:1      | jimonade the Ogre Gladiator began the quest for the Orb.
     0 | D:1      | Reached XP level 1. HP: 22/22 MP: 1/1
   150 | D:1      | Reached XP level 2. HP: 29/29 MP: 2/2
   169 | D:1      | Reached skill level 3 in Maces & Flails
   748 | D:1      | Reached XP level 3. HP: 33/37 MP: 3/3
  1631 | D:3      | Noticed Natasha
  2431 | D:3      | Killed Natasha
  2432 | D:3      | Reached skill level 4 in Maces & Flails
  2432 | D:3      | Reached XP level 4. HP: 31/45 MP: 4/4
  2514 | D:3      | Noticed Natasha
  2520 | D:3      | Killed Natasha
  2756 | D:3      | Reached XP level 5. HP: 38/53 MP: 5/5
  2996 | D:3      | Noticed Natasha
  3011 | D:3      | HP: 2/53 [crimson imp[Natasha] (1)]
  3012 | D:3      | Slain by Natasha

Illustrated notes

Levels and vault maps discovered:
D:1:      ncdulo_halloftheorcs, layout_basic, serial_bayou_pond_c,
          grunt_decor_cap, serial_park_tiny_pond, hangedman_decor_points,
          minmay_rat_gold_closets
D:2:      layout_loops_cross, minmay_tromino_i2
D:3:      layout_basic, minmay_hedge_maze, uniq_natasha

Skill      XL: |  1  2  3 |
---------------+----------+-----
Maces & Flails | 3 4 |  4.3
Fighting       | 3 |  3.4
Dodging        | 3 |  3.2
Throwing       | |  2.0
Stealth        | |  0.5

Action                     |  1- 3 |  4- 6 || total
---------------------------+-------+-------++-------
  Melee: Flail             |   129 |    43 ||   172
         Punch             |       |     1 ||     1
   Stab: Sleeping          |     3 |       ||     3
 Armour: Robe              |    54 |    14 ||    68
  Dodge: Dodged            |    81 |    31 ||   112

Table legend: (Time is in decaauts)
 A = Elapsed time spent in this place.
 B = Non-inter-level travel time spent in this place.
 C = Inter-level travel time spent in this place.
 D = Time resting spent in this place.
 E = Time spent auto-exploring this place.
 F = Levels seen in this place.
 G = Mean time per level.
                   A        B        C        D        E       F      G
               +--------+--------+--------+--------+--------+-----+--------+
         Total |   3084 |   2965 |    119 |    756 |   1717 |   3 | 1028.0 |
       Dungeon |   3084 |   2965 |    119 |    756 |   1717 |   3 | 1028.0 |
               +--------+--------+--------+--------+--------+-----+--------+

Top non-repeatable levels by time:
     D:2: 1596 daAuts
     D:1: 888 daAuts
     D:3: 600 daAuts
